 Dungeon Crawl Stone Soup version 0.27-a0-732-ga892ba84f6 (webtiles) character file.

Game seed: 11207401229756113967

492 rageheart7 the Cudgeller (level 6, -1/57 HPs)
             Began as a Draconian Berserker on Mar 23, 2021.
             Was a Priest of Trog.
             Slain by an ogre
             ... wielding a +0 giant club
              (17 damage)
             ... on level 4 of the Dungeon.
             The game lasted 00:07:49 (5398 turns).

rageheart7 the Cudgeller (Draconian Berserker)      Turns: 5398, Time: 00:07:50

Health: -1/57      AC: 10    Str: 21    XL:     6   Next: 91%
Magic:  6/6        EV: 12    Int:  8    God:    Trog [***...]
Gold:   224        SH:  0    Dex: 10    Spells: 5/5 levels left

rFire    . . .     SeeInvis .   b - +5 quarterstaff (chaos)
rCold    . . .     Faith    .   (shield currently unavailable)
rNeg     . . .     Spirit   .   (armour unavailable)
rPois    .         Reflect  .   (helmet restricted)
rElec    .         Harm     .   g - +0 cloak
rCorr    .         Rampage  .   j - +0 pair of gloves
Will     .....                  c - +1 pair of boots
Stlth    +.........             (no amulet)
HPRegen  0.19/turn              (no ring)
MPRegen  0.10/turn              (no ring)

@: no status effects
A: AC +6, unfitting armour, cold-blooded
a: Renounce Religion, Berserk, Trog's Hand


You were on level 4 of the Dungeon.
You worshipped Trog.
Trog was most pleased with you.
You visited 1 branch of the dungeon, and saw 4 of its levels.
You also visited: Sewer.

You collected 224 gold pieces.

Inventory:

Hand Weapons
 a - a +0 mace
 b - a +5 quarterstaff of chaos (weapon)
Armour
 c - a +1 pair of boots (worn)
 g - a +0 cloak (worn)
 j - a +0 pair of gloves (worn)
Jewellery
 q - an amulet of reflection
Wands
 i - a wand of polymorph (5)
Scrolls
 f - a scroll of enchant armour {unknown}
 h - a scroll of magic mapping
 k - a scroll of identify
 p - a scroll of fog
Potions
 d - a potion of curing
 e - a potion of berserk rage {unknown}
 n - a potion of cancellation {unknown}
 o - a potion of mutation {unknown}
 r - 2 potions of haste
 s - a potion of might {unknown}


   Skills:
 * Level 5.8 Fighting
 * Level 6.5 Maces & Flails
 - Level 2.6 Dodging


You had 5 spell levels left.
You didn't know any spells.
Your spell library was empty.

Dungeon Overview and Level Annotations

Branches:
Dungeon (4/15)              Sewer (visited)
 Temple: D:4-7

Altars:


Innate Abilities, Weirdness & Mutations

Your plain brown scales are hard. (AC +6)
You cannot fit into any form of body armour.
You are cold-blooded and may be slowed by cold attacks.


Message History

Things that are here:
a +0 whip; an orc skeleton You see here a +0 club.
An ooze comes into view.
An ooze is nearby!
An adder comes into view.
The ooze quivers.
The adder hisses angrily.
An ogre comes into view. It is wielding a +0 giant club.
You hit the adder.
The adder is lightly wounded.
The adder misses you. The ooze misses you. The adder closely misses you.
The adder barely misses you.
You miss the adder.
The adder is lightly wounded.
The adder bites you but does no damage. x2
You closely miss the adder.
The adder is lightly wounded.
The adder bites you but does no damage.
You hit the adder but do no damage.
Your tail-slap misses the adder.
The adder is lightly wounded.
The adder bites you but does no damage. The adder barely misses you.
You hit the adder. Lightning courses through the adder!!
You kill the adder!
Trog accepts your kill.
You closely miss the ogre. The ogre hits you with a +0 giant club!
You hit the ogre.
The ogre seems to grow stronger.
You tail-slap the ogre.
The ogre is lightly wounded.
The ogre hits you with a +0 giant club!!
Ouch! That really hurt!
* * * LOW HITPOINT WARNING * * *
The ogre closely misses you.
You hit the ogre. You burn the ogre. You tail-slap the ogre.
The ogre is moderately wounded.
The ogre misses you.
You hit the ogre.
The ogre seems to speed up.
The ogre is heavily wounded.
The ogre hits you with a +0 giant club!
You die...

#.........# ***,
#####.....## **
##......# * ###
#.......# *****
##.####.......# *,,,,
#....#......### *.#,,
##....#.##### *####..,,
#..[)..########.....#,⌠
#...)#@OJ............,,
#....###............#,,
#.....###............,,
#......##...........#,,
#......###...........,,
#..##...###.........#,⌠
#..##...###..........,,
#..*##...##.........#,,
#.#* #......#........,,


You could see an ogre (fast, strong) and an ooze.

Vanquished Creatures
  A water moccasin (Sewer)
  Crazy Yiuf (D:2)
  An orc priest (D:3)
  A jelly (D:2)
  Jessica (D:2)
  Natasha (thrice) (D:2)
  Robin (D:2)
  3 adders
  A river rat (D:4)
  A white imp (D:3)
  2 worms
  2 dart slugs (D:1)
  11 orcs
  7 ball pythons
  9 giant cockroaches
  16 goblins
  12 hobgoblins
  4 jackals
  9 kobolds
  6 oozes
  3 quokkas
  17 bats
  3 frilled lizards
  9 rats
124 creatures vanquished.

Vanquished Creatures (others)
  10 plants (D:3)
10 creatures vanquished.

Grand Total: 134 creatures vanquished

Notes
Turn   | Place    | Note
-------+----------+-------------------------------------------
     0 | D:1      | rageheart7 the Draconian Berserker began the quest for the
                  | Orb.
     0 | D:1      | Reached XP level 1. HP: 19/19 MP: 1/1
   335 | D:1      | Reached XP level 2. HP: 22/26 MP: 2/2
   863 | D:1      | Reached XP level 3. HP: 23/33 MP: 3/3
  1453 | D:2      | Reached skill level 4 in Maces & Flails
  1453 | D:2      | Reached XP level 4. HP: 29/41 MP: 4/4
  1576 | D:2      | Found a runed translucent door.
  1577 | D:2      | Noticed Crazy Yiuf
  1761 | D:2      | Noticed Robin
  1811 | D:2      | Reached ** piety under Trog
  1820 | D:2      | HP: 2/61 [Robin/+1 short sword of electrocution (13)]
  1821 | D:2      | Killed Robin
  2154 | D:2      | Noticed Jessica
  2158 | D:2      | Killed Jessica
  2300 | D:2      | Noticed Natasha
  2319 | D:2      | Killed Natasha
  2320 | D:2      | Reached XP level 5. HP: 32/47 MP: 5/5
  2601 | D:2      | Reached skill level 5 in Maces & Flails
  2617 | D:2      | Noticed Natasha
  2630 | D:2      | Killed Natasha
  2631 | D:2      | Reached skill level 5 in Fighting
  3173 | D:2      | Noticed Natasha
  3209 | D:2      | Killed Natasha
  3559 | D:2      | Killed Crazy Yiuf
  3560 | D:2      | Reached XP level 6. HP: 19/56 MP: 6/6
  4240 | D:3      | Reached *** piety under Trog
  4596 | D:3      | Reached skill level 6 in Maces & Flails
  4967 | D:4      | Found a glowing drain.
  4978 | Sewer    | Entered a sewer
  5064 | Sewer    | Noticed a water moccasin
  5073 | Sewer    | Killed a water moccasin
  5398 | D:4      | Slain by an ogre

Illustrated notes

Levels and vault maps discovered:
D:1:      dpeg_arrival_orchard, layout_basic
D:2:      minmay_thinvault, layout_loops_ring, minmay_misc_feat_hallway,
          uniq_natasha, uniq_jessica, uniq_robin, uniq_crazy_yiuf_cottage
D:3:      layout_basic, serial_bayou, serial_bayou_shore_b, serial_bayou_pond_e,
          serial_bayou_crossing, serial_bayou_ford_a
D:4:      layout_cave_pods, elyvilon_altar_5, portal_sewer_entry_e,
          minmay_pentangle, uniq_ijyb, uniq_pikel

Skill      XL: |  1  2  3  4  5  6 |
---------------+-------------------+-----
Fighting       | 4 5 |  5.8
Maces & Flails | 4 5 6 |  6.5
Dodging        | |  2.6

Action                   |  1- 3 |  4- 6 || total
-------------------------+-------+-------++-------
Melee: Mace              |    96 |   242 ||   338
       Tailslap          |     7 |    32 ||    39
       Unarmed           |       |    10 ||    10
       Quarterstaff      |       |    47 ||    47
  Use: Potion            |       |     4 ||     4
       Scroll            |       |     7 ||     7
 Stab: Sleeping          |       |     1 ||     1
Armor: Skin              |    26 |   144 ||   170
Dodge: Dodged            |    67 |   236 ||   303

Table legend: (Time is in decaauts)
 A = Elapsed time spent in this place.
 B = Non-inter-level travel time spent in this place.
 C = Inter-level travel time spent in this place.
 D = Time resting spent in this place.
 E = Time spent auto-exploring this place.
 F = Levels seen in this place.
 G = Mean time per level.
                   A        B        C        D        E       F      G
               +--------+--------+--------+--------+--------+-----+--------+
         Total |   5493 |   5375 |    118 |   1176 |   3237 |   5 | 1098.6 |
       Dungeon |   5129 |   5011 |    118 |    951 |   3164 |   4 | 1282.2 |
         Sewer |    364 |    364 |      0 |    225 |     73 |   1 |  364.0 |
               +--------+--------+--------+--------+--------+-----+--------+

Top non-repeatable levels by time:
     D:2: 2582 daAuts
     D:1: 1298 daAuts
     D:3: 1089 daAuts
   Sewer: 364 daAuts
     D:4: 158 daAuts
